 Dungeon Crawl Stone Soup version 0.29.1-1-gd02db6906a (webtiles) character file.

Game seed: 10455832258064178451

1148 LabCoat the Chopper (level 8, -9/69 HPs)
             Began as a Hill Orc Fighter on Sept 16, 2022.
             Was a Follower of Trog.
             Killed from afar by a manticore (12 damage)
             ... with a volley of spikes
             ... on level 6 of the Dungeon.
             The game lasted 00:13:13 (6004 turns).

LabCoat the Chopper (Hill Orc Fighter)              Turns: 6004, Time: 00:13:14

Health: -9/69      AC: 16    Str: 27    XL:     8   Next: 38%
Magic:  8/8        EV:  7    Int:  8    God:    Trog [*.....]
Gold:   279        SH:  6    Dex: 10    Spells: 7/7 levels left

rFire   . . .      SeeInvis .   m - +4 war axe
rCold   . . .      Faith    .   c - +1 buckler
rNeg    . . .      Spirit   .   a - +0 plate armour
rPois   .          Reflect  .   d - +0 helmet
rElec   .          Harm     .   e - +0 cloak
rCorr   .          Rampage  .   r - +0 pair of gloves
Will    .....                   (no boots)
Stlth   ..........              (no amulet)
HPRegen 0.21/turn               o - +6 ring of strength
MPRegen 0.11/turn               (no ring)

@: about to teleport, spiked, on berserk cooldown, slowed, very slow
A: no striking features
a: Renounce Religion, Berserk


You were on level 6 of the Dungeon.
You worshipped Trog.
Trog was aware of your devotion.
You visited 2 branches of the dungeon, and saw 7 of its levels.

You collected 279 gold pieces.

Inventory:

Hand Weapons
 m - a +4 war axe (weapon)
Missiles
 f - 19 poisoned darts (quivered)
 k - 7 boomerangs
 p - 8 javelins
Armour
 a - a +0 plate armour (worn)
 c - a +1 buckler (worn)
 d - a +0 helmet (worn)
 e - a +0 cloak (worn)
 r - a +0 pair of gloves (worn)
Jewellery
 o - a +6 ring of strength (left hand)
 s - a ring of fire
Wands
 b - a wand of charming (6)
 q - a wand of flame (10)
Scrolls
 h - 2 scrolls of magic mapping {unknown}
 i - 3 scrolls of fear
 j - a scroll of enchant armour
 n - a scroll of silence


   Skills:
 + Level 5.6 Fighting
 * Level 7.3 Axes
 + Level 2.8 Throwing
 + Level 5.2 Armour
 + Level 5.2 Shields
 + Level 3.2 Evocations


You had 7 spell levels left.
You didn't know any spells.
Your spell library contained the following spells:

 Spells                   Type           Power      Damage    Failure   Level
 Beastly Appendage        Tmut           0%         N/A       100%        1
 Wereblood                Tmut           0%         N/A       100%        2
 Spider Form              Tmut/Pois      0%         N/A       100%        3


Dungeon Overview and Level Annotations

Branches:
Dungeon (6/15)             Temple (1/1) D:4

Altars:
Ashenzari
Cheibriados
Elyvilon
Fedhas
Gozag
Kikubaaqudgha
Makhleb
Nemelex Xobeh
Okawaru
Qazlal
Sif Muna
Trog
Uskayaw
Wu Jian
Xom
Yredelemnul
Zin
The Shining One

Shops:
D:6 *

Annotations:
D:4 3 runed translucent doors, hitsuchi's ghost, novice MeWn


Message History

The barbed spikes become lodged in your body.
* * * LOW HITPOINT WARNING * * *
Aiming: Throw Flame
Press: ? - help, Shift-Dir - straight line, f/p - manticore
Aim: a manticore (moderately wounded, 83% to hit)
The puff of flame hits the manticore.
The manticore is moderately wounded.
Your surroundings suddenly seem different.
You start resting.
You carefully extract the barbed spikes from your body.
You start resting.
A manticore is nearby!
The manticore flicks its tail.
The volley of spikes hits you.
The barbed spikes become lodged in your body.
* * * LOW HITPOINT WARNING * * *
A red film seems to cover your vision as you go berserk!
You feel yourself moving faster!
You feel mighty!
A manticore is nearby!
You feel a strong urge to attack something.
The manticore flicks its tail.
The volley of spikes hits you.
The barbed spikes become lodged in your body.
* * * LOW HITPOINT WARNING * * *
You feel your anger nearly subside.
The manticore flicks its tail.
The volley of spikes hits you!
The barbed spikes become lodged in your body.
* * * LOW HITPOINT WARNING * * *
You are no longer berserk.
You are exhausted.
You feel yourself slow down.
You aren't carrying any potions.
You aren't carrying any potions.
As you read the scroll of teleportation, it crumbles to dust.
You feel strangely unstable.
The manticore flicks its tail.
The volley of spikes hits you!
The barbed spikes become lodged in your body.
You die...

# #.#.#### .#......#####
.........@...#
.................
............PPP..._...PPPP
...♣......?..PPPP...PPPPPP
.. ♣♣H...##.....PPPPPP....
. .........P....PPP......
.......##.PPPP......PPPP
.......##...PP.O..PPP...
...♣........PP.PP.....


You could see a manticore.

Vanquished Creatures
  An ice beast (D:6)
  3 ogres
  A scorpion (D:6)
  2 necrophages
  3 hounds
  5 orc priests
  2 iguanas
  4 orc wizards
  Robin (D:2)
  12 adders
  A shadow imp (D:5)
  A worm (D:2)
  16 orcs
  7 endoplasms
  6 giant cockroaches
  11 goblins
  12 hobgoblins
  2 jackals (D:2)
  4 kobolds
  7 ball pythons
  5 bats
  3 frilled lizards
  8 rats
117 creatures vanquished.

Vanquished Creatures (others)
  18 fungi (D:6)
  A plant (D:4)
19 creatures vanquished.

Grand Total: 136 creatures vanquished

Notes
Turn   | Place    | Note
-------+----------+-------------------------------------------
     0 | D:1      | LabCoat the Hill Orc Fighter began the quest for the Orb.
     0 | D:1      | Reached XP level 1. HP: 19/19 MP: 1/1
    76 | D:1      | Reached skill level 3 in Axes
    98 | D:1      | Reached XP level 2. HP: 27/27 MP: 2/2
   878 | D:2      | Reached XP level 3. HP: 33/33 MP: 3/3
  1003 | D:2      | Found a faded altar of an unknown god.
  1098 | D:2      | Noticed Robin
  1107 | D:2      | Killed Robin
  1124 | D:2      | Reached skill level 4 in Axes
  1125 | D:2      | Reached XP level 4. HP: 33/40 MP: 4/4
  2416 | D:3      | Reached skill level 1 in Evocations
  2586 | D:3      | Found an ancient bone altar of Kikubaaqudgha.
  2586 | D:3      | Found a glowing golden altar of the Shining One.
  2893 | D:4      | Found a runed translucent gate.
  2893 | D:4      | Found a runed translucent gate.
  2893 | D:4      | Found a runed translucent gate.
  2993 | D:4      | Reached XP level 5. HP: 44/46 MP: 5/5
  3098 | D:4      | Reached skill level 1 in Throwing
  3215 | D:4      | Reached skill level 5 in Axes
  3215 | D:4      | Reached XP level 6. HP: 19/53 MP: 6/6
  3438 | D:4      | Found a staircase to the Ecumenical Temple.
  3446 | Temple   | Entered the Ecumenical Temple
  3460 | Temple   | Became a worshipper of Trog the Wrathful
  4090 | D:4      | Noticed hitsuchi's ghost (novice MeWn)
  4109 | D:5      | Entered Level 5 of the Dungeon
  4134 | D:5      | HP: 1/53 [shadow imp/nerve-wracking pain (13)]
  4425 | D:5      | Reached * piety under Trog
  4487 | D:5      | Reached XP level 7. HP: 56/60 MP: 7/7
  4513 | D:5      | Reached skill level 6 in Axes
  4519 | D:5      | Reached skill level 5 in Fighting
  5786 | D:6      | Reached skill level 5 in Shields
  5786 | D:6      | Reached XP level 8. HP: 53/68 MP: 8/8
  5874 | D:6      | Reached skill level 5 in Armour
  5917 | D:6      | Found a hide-covered altar of Uskayaw.
  5922 | D:6      | Noticed a manticore
  5926 | D:6      | Found a stormy altar of Qazlal.
  5929 | D:6      | Found Wioxedaho's Lightly-Used Armoury.
  5935 | D:6      | Reached skill level 7 in Axes
  6002 | D:6      | HP: 4/103 [manticore/volley of spikes (8)]
  6004 | D:6      | Killed from afar by a manticore

Illustrated notes

Levels and vault maps discovered:
D:1:      saegor_arrival_simple_b, layout_loops_ring
D:2:      layout_loops_corners, hellmonk_ecumenical_altar_lost_god, uniq_robin
D:3:      layout_basic, chequers_temple_overflow_statue_of_worship,
          amethyst_killhole
D:4:      layout_cave_pools, minmay_temple_entry_wispy,
          gammafunk_ghost_necromancy, serial_forest,
          infiniplex_forest_clump_small, infiniplex_forest_lined_room_,
          infiniplex_forest_straight_2, infiniplex_forest_corner_2
D:5:      layout_loops_ring, serial_rivers, chequers_serial_rivers_micro_b,
          chequers_serial_rivers_small_b, chequers_serial_rivers_room_a,
          chequers_serial_rivers_micro_e, chequers_serial_rivers_micro_a,
          minmay_misc_feat_secret_circle
D:6:      layout_basic, marbit_many_paths, mainiacjoe_overflow_paths,
          mainiacjoe_overflow_catch_the_wave, minmay_misc_feat_pillars,
          kennysheep_donut, kennysheep_decorative_pillar, minmay_shop_damaged
Temple:   nicolae_temple_bog_church

Skill      XL: |  1  2  3  4  5  6  7  8 |
---------------+-------------------------+-----
Axes           | 3 4 5 6 7 |  7.3
Fighting       | 4 5 |  5.6
Evocations     | 1 2 3 |  3.2
Throwing       | 1 2 |  2.8
Armour         | 4 5 |  5.2
Shields        | 4 5 |  5.2

Action                   |  1- 3 |  4- 6 |  7- 9 || total
-------------------------+-------+-------+-------++-------
Melee: War axe           |    85 |   147 |    76 ||   308
Throw: Dart              |     4 |    64 |    32 ||   100
Evoke: Wand              |       |     8 |     7 ||    15
  Use: Scroll            |     3 |     8 |     3 ||    14
       Potion            |     1 |     1 |     2 ||     4
Armor: Scale mail        |    34 |    94 |     8 ||   136
       Plate armour      |       |       |    19 ||    19
Dodge: Dodged            |    51 |    83 |    16 ||   150
Block: Buckler           |    24 |    41 |    15 ||    80
